 Dungeon Crawl Stone Soup version 0.18.1-8-gdd0e5ea (webtiles) character file.

179 Hipnos the Digger (level 5, 0/28 HPs)
             Began as a Gargoyle Earth Elementalist on May 30, 2016.
             Slain by an ogre
             ... wielding a +0 giant club
              (23 damage)
             ... on level 4 of the Dungeon.
             The game lasted 00:10:41 (2614 turns).

Hipnos the Digger (Gargoyle Earth Elementalist)     Turns: 2614, Time: 00:10:41

Health: 0/28       AC: 11    Str: 12    XL:     5   Next: 59%
Magic:  11/19      EV:  8    Int: 16    God:
Gold:   122        SH:  3    Dex: 10    Spells: 3 memorised, 5 levels left

rFire  . . .     SeeInvis .     j - -1 whip (curse)
rCold  . . .     Gourm    .     t - +0 scale mail (curse)
rNeg   + . .     Faith    .     A - +0 buckler
rPois  ∞         Spirit   .     (no helmet)
rElec  +         Dismiss  .     (no cloak)
rCorr  +         Reflect  .     f - +0 pair of gloves
SustAt .         Harm     .     (no boots)
MR     .....                    (no amulet)
Stlth  ..........               u - ring of resist corrosion
                                e - ring of magical power

@: very slightly contaminated, not resistant to hostile enchantments, extremely
unstealthy
A: negative energy resistance 1, electricity resistance, unbreathing,
petrification resistance, rot immunity, AC +4
a: no special abilities


You were on level 4 of the Dungeon.
You were not hungry.

You visited 1 branch of the dungeon, and saw 4 of its levels.

You collected 122 gold pieces.

Inventory:

Hand Weapons
 j - a cursed -1 whip (weapon)
 y - a +1 mace of crushing
Missiles
 m - 79 stones (quivered)
Armour
 a - a +0 robe
 f - a +0 pair of gloves (worn)
 o - a +0 ring mail
 t - a cursed +0 scale mail (worn)
 A - a +0 buckler (worn)
Jewellery
 e - a ring of magical power (left hand)
 s - an uncursed amulet of magic regeneration {unknown}
 u - a ring of resist corrosion (right hand)
Scrolls
 h - 2 scrolls of enchant armour {unknown}
 w - 2 scrolls of magic mapping
Potions
 k - 2 potions of resistance {unknown}
 n - 2 potions of curing {unknown}
 p - a potion of ambrosia {unknown}
 q - a potion of brilliance {unknown}
 r - a potion of agility {unknown}
 x - a potion of berserk rage
 z - 2 potions of lignification {unknown}
Books
 c - a book of Geomancy

   Spells                             Type                      Level
   a - Sandblast                      Earth                        1
   b - Passwall                       Transmutation/Earth          2
   c - Stone Arrow                    Conjuration/Earth            3
   d - Petrify                        Transmutation/Earth          4
   e - Lee's Rapid Deconstruction     Earth                        5
Comestibles
 b - 6 fruits
 d - 4 bread rations
 g - a royal jelly
 i - 5 chunks of flesh
 l - a slice of pizza
 v - a meat ration


   Skills:
 + Level 0.7 Fighting
 + Level 1.6 Dodging
 - Level 2.2 Stealth
 + Level 3.6 Spellcasting
 + Level 0.7 Transmutations
 * Level 5.8 Earth Magic


You had 5 spell levels left.
You knew the following spells:

 Your Spells              Type           Power        Failure   Level  Hunger
a - Sandblast             Erth           ###...       17%         1    None
b - Passwall              Trmt/Erth      ##........   71%         2    ##.....
c - Stone Arrow           Conj/Erth      ##....       98%         3    ###....


Dungeon Overview and Level Annotations

Branches:
Dungeon (4/15)
 Temple: D:4-7

Altars:
Cheibriados
Gozag
Kikubaaqudgha
Pakellas
Yredelemnul
Zin


Innate Abilities, Weirdness & Mutations

You are resistant to torment.
Your stone body is resilient (AC +4).
You are immune to poison.
You resist negative energy.
You are resistant to electric shocks.
You can survive without breathing.
You are immune to petrification.
You are immune to rotting.


Message History

The blast of sand misses the ogre.
The blast of sand misses the adder.
The ogre hits you with a giant club.
Casting: Sandblast
Confirm with . or Enter, or press ? or * to list all spells.
Aiming: Sandblast
Press: ? - help, Shift-Dir - straight line, f/p - ogre
Aim: an ogre, wielding a giant club (severely wounded)
You miscast Sandblast.
The floor shifts beneath you alarmingly!
You block the ogre's attack.
Casting: Sandblast
Confirm with . or Enter, or press ? or * to list all spells.
Aiming: Sandblast
Press: ? - help, Shift-Dir - straight line, f/p - ogre
Aim: an ogre, wielding a giant club (severely wounded)
The blast of sand hits the ogre.
The ogre is severely wounded.
The ogre hits you with a giant club!!
Ouch! That really hurt!
You die...

######## #......#
#......# ### #......#
..# #......#
##.####...S..##
.......S.>..... # #.#
#O# #.##.# #@#
#....####.#
####......# ###
#.....##../.... ..#
#.#.#.##......$ #.#
...#.#.##....... #.#.#
#.##
#.#.####+#########.#.#
#
#.#.####......#....#.#
#.#.....#####.#....#.#


You could see an ogre and an adder.

Vanquished Creatures
  2 iguanas
  3 adders (D:2)
  An ooze (D:3)
  2 dart slugs
  3 giant geckos
  3 orcs (D:3)
  A ball python (D:2)
  A giant cockroach (D:3)
  2 gnoll zombies (D:3)
  6 goblins
  10 hobgoblins
  13 jackals
  7 kobolds
  2 quokkas
  14 bats
  2 giant newts
  9 rats
81 creatures vanquished.

Notes
Turn   | Place    | Note
--------------------------------------------------------------
     0 | D:1      | Hipnos the Gargoyle Earth Elementalist began the quest for the Orb.
     0 | D:1      | Reached XP level 1. HP: 10/10 MP: 3/3
   108 | D:1      | Reached skill level 4 in Earth Magic
   108 | D:1      | Reached XP level 2. HP: 15/15 MP: 0/5
   600 | D:1      | Reached XP level 3. HP: 19/19 MP: 7/7
  1107 | D:2      | Found an opulent altar of Gozag.
  1107 | D:2      | Found an oddly glowing altar of Pakellas.
  1112 | D:2      | Found an ancient bone altar of Kikubaaqudgha.
  1227 | D:2      | Reached XP level 4. HP: 19/24 MP: 7/8
  1298 | D:2      | Learned a level 2 spell: Passwall
  1302 | D:2      | Learned a level 3 spell: Stone Arrow
  1319 | D:2      | Reached skill level 5 in Earth Magic
  1603 | D:3      | Reached XP level 5. HP: 11/28 MP: 9/9
  1820 | D:3      | Found a snail-covered altar of Cheibriados.
  2034 | D:3      | Found a glowing silver altar of Zin.
  2214 | D:3      | Found a basalt altar of Yredelemnul.
  2602 | D:4      | Noticed an ogre
  2614 | D:4      | Slain by an ogre

Skill      XL: |  1  2  3  4 |
---------------+-------------+-----
Earth Magic    | 4 5 |  5.8
Spellcasting   | 3 |  3.6
Fighting       | |  0.7
Dodging        | |  1.6
Stealth        | |  2.2
Transmutations | |  0.7

Action                   |  1- 3 |  4- 6 || total
-------------------------+-------+-------++-------
Melee: Unarmed           |     1 |       ||     1
       Whip              |       |    16 ||    16
 Cast: Sandblast         |    82 |   101 ||   183
  Use: Scroll            |     2 |     3 ||     5
       Potion            |       |     1 ||     1
 Stab: Sleeping          |     1 |       ||     1
  Eat: Chunk             |     2 |     5 ||     7
Armor: Robe              |    14 |       ||    14
       Ring mail         |     9 |     5 ||    14
       Scale mail        |       |    55 ||    55
Dodge: Dodged            |    50 |    45 ||    95
Block: Buckler           |       |     1 ||     1
